 Dungeon Sprint DCSS version 0.21-a0-59-g7b0e191 (webtiles) character file.

2676 Kidiri the Thaumaturge (level 9, 0/55 HPs)
             Began as a Deep Elf Fire Elementalist on June 16, 2017.
             Was a Priest of Vehumet.
             Slain by an unseen horror (10 damage)
             ... in the Dungeon (Sprint III: "The Ten Rune Challenge").
             The game lasted 00:11:07 (2010 turns).

Kidiri the Thaumaturge (Deep Elf Fire Elementalist) Turns: 2010, Time: 00:11:07

Health: 0/55       AC:  2    Str:  5    XL:     9   Next: 37%
Magic:  14/28      EV: 18    Int: 26    God:    Vehumet [***...]
Gold:   46         SH:  0    Dex: 15    Spells: 12/34 levels left

rFire    . . .     SeeInvis .   j - +0 dagger
rCold    . . .     Gourm    .   (no shield)
rNeg     . . .     Faith    .   a - +0 robe
rPois    .         Spirit   .   (no helmet)
rElec    .         Reflect  .   (no cloak)
rCorr    .         Harm     .   (no gloves)
MR       .....     NoTele   +   (no boots)
Stlth    ++........             (no amulet)
HPRegen  0.18/turn              (no ring)
MPRegen  0.21/turn              (no ring)

@: no status effects
A: blurry vision 1, clever 1, mutation resistance 1, wild magic 1
a: Renounce Religion


You were in the Dungeon.
You worshipped Vehumet.
Vehumet was most pleased with you.
You were not hungry.

You visited 1 branch You collected 46 gold pieces.

Inventory:

Hand Weapons
 j - a +0 dagger (weapon)
Armour
 a - a +0 robe (worn)
 k - a +0 shield
Scrolls
 i - a scroll of blinking
 m - a scroll of torment
 r - 2 scrolls of holy word
 s - a scroll of remove curse
Potions
 d - a potion of curing
 e - a potion of mutation
 f - a potion of haste
 g - 2 potions of magic
 h - 2 potions of berserk rage
 q - 3 potions of flight
Books
 b - a book of Flames

   Spells                             Type                      Level
   a - Flame Tongue                   Conjuration/Fire             1
   b - Throw Flame                    Conjuration/Fire             2
   c - Conjure Flame                  Conjuration/Fire             3
   d - Inner Flame                    Hexes/Fire                   3
   e - Sticky Flame                   Conjuration/Fire             4
   f - Fireball                       Conjuration/Fire             5
 n - a book of Cantrips

   Spells                             Type                      Level
   a - Confusing Touch                Hexes                        1
   b - Animate Skeleton               Necromancy                   1
   c - Summon Small Mammal            Summoning                    1
   d - Apportation                    Translocation                1
Comestibles
 c - a bread ration
 t - a meat ration


   Skills:
 + Level 6.0 Fighting
 + Level 6.2 Short Blades
 + Level 5.9 Armour
 + Level 9.1 Dodging
 - Level 2.4 Stealth
 + Level 5.8 Shields
 * Level 13.3 Spellcasting
 + Level 8.1 Conjurations
 + Level 8.7 Fire Magic
 + Level 4.0 Air Magic


You had 12 spell levels left.
You knew the following spells:

 Your Spells              Type           Power        Failure   Level  Hunger
a - Flame Tongue          Conj/Fire      #####        1%          1    None
b - Throw Flame           Conj/Fire      ######       1%          2    None
c - Conjure Flame         Conj/Fire      ######..     1%          3    None
d - Inner Flame           Hex/Fire       ######..     1%          3    None
e - Sticky Flame          Conj/Fire      ######..     1%          4    None
f - Fireball              Conj/Fire      ######....   1%          5    ##.....
g - Shock                 Conj/Air       ####         1%          1    None
h - Ignite Poison         Fire/Tmut/Pois #####...     1%          3    None


Dungeon Overview and Level Annotations

Branches:
Dungeon (1/1)

Altars:
Cheibriados
Dithmenos
Elyvilon
Fedhas
Gozag
Hepliaklqana
Kikubaaqudgha
Makhleb
Nemelex Xobeh
Okawaru
Qazlal
Ru
Sif Muna
Trog
Uskayaw
Vehumet
Wu Jian
Xom
Yredelemnul
Zin
The Shining One
Beogh
Jiyva
Lugonu

Annotations:
D exclusion: door


Innate Abilities, Weirdness & Mutations

Scrolls take you a little longer to read.
Your mind is acute. (Int +2)
You are somewhat resistant to further mutation.
Your spells are a little harder to cast, but a little more powerful.


Message History

Confirm with . or Enter, or press ? or * to list all spells.
Aiming: Conjure Flame
Press: ? - help, Dir - move target cursor You see a ghostly outline there, and the spell fizzles.
Something hits you!
* * * LOW HITPOINT WARNING * * *
Unknown command.
Casting: Conjure Flame
Confirm with . or Enter, or press ? or * to list all spells.
Aiming: Sticky Flame
Press: ? - help, Shift-Dir - straight line Something hits you!
* * * LOW HITPOINT WARNING * * *
You feel much better. Something hits you! Something hits you!
* * * LOW HITPOINT WARNING * * *
There is an open door here.
Unknown command.
Something hits you!
You die...

#### ******,,********************
#__#**,*,,*∩,,+,*,,,**,,,,+,,,,,,
#._#,,,,,,,,,**,*,,,**≈≈≈≈**,,**,
#+##,,,,,,,,***,*,,,≈≈≈,,,,,,,,*,
...#,,,,,,,,***,*,,,**≈≈≈≈**,,**,
...#,,,,*,,*,**,+,,,**,,,,+,,,,,,
##'#,*,,**,**********************
...#+###############*************
...#.§≈≈§§§#.'..@'.#,*,*,+,,,≈≈*,
...#.#§§§#§#.#...##.#,*,**,,,≈≈**
...'.#§)§#.#.#...#,#.#,*,*,,,≈≈≈≈
...#.#.§§#...#)..#*,#.#,**,,,≈≈≈≈
▓▓▓▓▓▓▓▓▓▓▓▓▓▓▓▓▓#,*,#.#,*,,,,,,,
≈≈≈,,,,,,,,≈≈≈,,,**,*,#.#*,,,,,,,
*≈≈≈≈≈≈≈≈≈≈≈≈**,,+,*,*,#.#,,,,,,,
***************,,**,*,*,##*******
* *****+*************


There were no monsters in sight!

Vanquished Creatures
  Erica (D)
  A centaur warrior (D)
  A deep elf mage (D)
  A shadow (D)
  A spatial vortex (D)
  A necrophage (D)
  2 centaurs (D)
  A water elemental (D)
  A jelly (D)
  A wizard (D)
  A necromancer (D)
  3 humans (D)
  A kobold demonologist (D)
  A wolf (D)
  2 oozes (D)
  2 rats (D)
21 creatures vanquished.

Vanquished Creatures (others)
  2 draconian scorchers (D)
  6 hellions (D)
  3 yaktaurs (D)
11 creatures vanquished.

Grand Total: 32 creatures vanquished

Notes
Turn   | Place    | Note
-------+----------+-------------------------------------------
     0 | D        | Kidiri the Deep Elf Fire Elementalist began the quest for the Orb.
     0 | D        | Reached XP level 1. HP: 10/10 MP: 6/6
    71 | D        | Killed a hellion
   111 | D        | Killed a hellion
   112 | D        | Reached skill level 4 in Spellcasting
   112 | D        | Reached XP level 2. HP: 16/16 MP: 6/9
   122 | D        | Learned a level 2 spell: Throw Flame
   157 | D        | Reached skill level 1 in Fighting
   160 | D        | Killed a white draconian scorcher
   161 | D        | Killed a white draconian scorcher
   177 | D        | Killed a yaktaur
   180 | D        | Killed a hellion
   180 | D        | Killed a hellion
   182 | D        | Killed a hellion
   204 | D        | Killed a hellion
   218 | D        | Reached skill level 1 in Armour
   218 | D        | Reached skill level 1 in Shields
   218 | D        | Reached XP level 3. HP: 9/20 MP: 0/11
   226 | D        | Learned a level 3 spell: Conjure Flame
   230 | D        | Learned a level 3 spell: Inner Flame
   419 | D        | Reached skill level 5 in Spellcasting
   551 | D        | Gained mutation: You are dopey. (Int -2) [potion of mutation]
   551 | D        | Gained mutation: You are partially covered in slimy green scales. (AC +2) [potion of mutation]
   551 | D        | Gained mutation: You are partially covered in yellow scales. (AC +2) [potion of mutation]
   552 | D        | Lost mutation: You are partially covered in slimy green scales. (AC +2) [potion of mutation]
   552 | D        | Lost mutation: You are dopey. (Int -2) [potion of mutation]
   552 | D        | Lost mutation: You are partially covered in yellow scales. (AC +2) [potion of mutation]
   552 | D        | Gained mutation: You are agile. (Dex +2) [potion of mutation]
   553 | D        | Lost mutation: You are agile. (Dex +2) [potion of mutation]
   553 | D        | Gained mutation: Your mind is acute. (Int +2) [potion of mutation]
   553 | D        | Gained mutation: Scrolls take you a little longer to read. [potion of mutation]
   553 | D        | Gained mutation: Your spells are a little harder to cast, but a little more powerful. [potion of mutation]
   553 | D        | Gained mutation: You are somewhat resistant to further mutation. [potion of mutation]
   568 | D        | Noticed a water elemental
   577 | D        | Killed a water elemental
   577 | D        | Reached skill level 6 in Spellcasting
   577 | D        | Reached XP level 4. HP: 4/27 MP: 5/14
   583 | D        | Learned a level 4 spell: Sticky Flame
   653 | D        | Killed a yaktaur
   757 | D        | Killed a yaktaur
   838 | D        | Found a radiant altar of Vehumet.
   839 | D        | Found a deep blue altar of Sif Muna.
   839 | D        | Found an ancient bone altar of Kikubaaqudgha.
   839 | D        | Noticed a wizard
   841 | D        | Killed a wizard
   841 | D        | Reached skill level 7 in Spellcasting
   842 | D        | Reached skill level 5 in Dodging
   842 | D        | Reached skill level 5 in Fire Magic
   842 | D        | Reached XP level 5. HP: 31/31 MP: 2/16
   855 | D        | Learned a level 5 spell: Fireball
   860 | D        | Became a worshipper of Vehumet
   939 | D        | Found a glowing silver altar of Zin.
   940 | D        | Found a glowing golden altar of the Shining One.
   940 | D        | Found a white marble altar of Elyvilon.
   940 | D        | Noticed a deep elf mage
   948 | D        | Noticed a chaos spawn
   950 | D        | Noticed a ynoxinul
   950 | D        | Killed a deep elf mage
   950 | D        | Reached skill level 10 in Spellcasting
   950 | D        | Reached skill level 5 in Conjurations
   950 | D        | Reached XP level 6. HP: 27/38 MP: 7/21
   950 | D        | Reached XP level 7. HP: 31/43 MP: 7/22
  1037 | D        | Found an ornate altar of the Wu Jian Council.
  1037 | D        | Found an iron altar of Okawaru.
  1038 | D        | Found a roughly hewn altar of Beogh.
  1038 | D        | Found a bloodstained altar of Trog.
  1038 | D        | Found a hide-covered altar of Uskayaw.
  1038 | D        | Noticed a human
  1038 | D        | Noticed a human
  1047 | D        | Killed a human
  1054 | D        | Killed a human
  1054 | D        | Reached * piety under Vehumet
  1054 | D        | Offered knowledge of Freeze by Vehumet.
  1054 | D        | Reached skill level 11 in Spellcasting
  1191 | D        | Found a basalt altar of Yredelemnul.
  1191 | D        | Found a shadowy altar of Dithmenos.
  1191 | D        | Found a sacrificial altar of Ru.
  1279 | D        | Offered knowledge of Shock by Vehumet.
  1279 | D        | Reached ** piety under Vehumet
  1282 | D        | Learned a level 1 spell: Shock
  1283 | D        | Noticed a shadow
  1286 | D        | Killed a shadow
  1286 | D        | Reached skill level 1 in Air Magic
  1286 | D        | Reached XP level 8. HP: 47/47 MP: 16/25
  1329 | D        | Found a blossoming altar of Fedhas.
  1329 | D        | Found a stormy altar of Qazlal.
  1329 | D        | Found a snail-covered altar of Cheibriados.
  1329 | D        | Found a burning altar of Makhleb.
  1329 | D        | Found a shimmering altar of Xom.
  1330 | D        | Found a hazy altar of Hepliaklqana.
  1330 | D        | Found an opulent altar of Gozag.
  1330 | D        | Found a sparkling altar of Nemelex Xobeh.
  1330 | D        | Found a corrupted altar of Lugonu.
  1330 | D        | Found a viscous altar of Jiyva.
  1348 | D        | Reached skill level 5 in Fighting
  1348 | D        | Reached skill level 5 in Armour
  1429 | D        | Noticed Erica
  1433 | D        | Killed Erica
  1433 | D        | Offered knowledge of Searing Ray by Vehumet.
  1433 | D        | Reached skill level 5 in Short Blades
  1433 | D        | Reached skill level 5 in Shields
  1433 | D        | Reached skill level 12 in Spellcasting
  1698 | D        | Noticed a centaur warrior
  1701 | D        | Reached *** piety under Vehumet
  1701 | D        | Reached XP level 9. HP: 45/53 MP: 12/27
  1705 | D        | Killed a centaur warrior
  1705 | D        | Offered knowledge of Ignite Poison by Vehumet.
  1705 | D        | Reached skill level 13 in Spellcasting
  1710 | D        | Learned a level 3 spell: Ignite Poison
  2010 | D        | Slain by an unseen horror

Vault maps used:
D:        dungeon_sprint_mu

Skill      XL: |  1  2  3  4  5  6  7  8  9 |
---------------+----------------------------+-----
Dodging        | 3 4 5 6 7 8 9 |  9.1
Spellcasting   | 4 6 7 10 11 12 13 | 13.3
Conjurations   | 2 3 5 6 7 8 |  8.1
Fighting       | 1 2 4 5 6 |  6.0
Armour         | 1 2 4 5 |  5.9
Shields        | 1 2 4 5 |  5.8
Fire Magic     | 4 5 6 7 8 |  8.7
Short Blades   | 3 4 5 6 |  6.2
Air Magic      | 1 3 4 |  4.0
Stealth        | |  2.4

Action                   |  1- 3 |  4- 6 |  7- 9 || total
-------------------------+-------+-------+-------++-------
Melee: Dagger            |       |     1 |       ||     1
 Cast: Flame Tongue      |    21 |     3 |    42 ||    66
       Throw Flame       |     2 |       |       ||     2
       Sticky Flame      |       |     3 |     7 ||    10
       Conjure Flame     |       |       |     4 ||     4
       Fireball          |       |       |     4 ||     4
  Use: Potion            |     4 |       |     1 ||     5
       Scroll            |     5 |       |       ||     5
 Stab: Sleeping          |       |     1 |       ||     1
  Eat: Royal jelly       |       |       |     2 ||     2
Dodge: Dodged            |    10 |     3 |    10 ||    23
